% Time on Ice - BOISE CARIBOUS
Lines # - Real PCT - Wanted PCT - Time Play
Normal Forward
1 - 31% - 31% - 15:09
2 - 29% - 30% - 14:13
3 - 23% - 23% - 11:22
4 - 16% - 16% - 7:58
Normal Defense
1 - 35% - 36% - 17:17
2 - 33% - 33% - 15:59
3 - 24% - 25% - 11:29
4 - 8% - 6% - 3:57
PP Forward
1 - 55% - 55% - 1:05
2 - 45% - 45% - 0:54
PP Defense
1 - 53% - 55% - 1:03
2 - 47% - 45% - 0:56
PK Forward
1 - 65% - 55% - 6:01
2 - 35% - 45% - 3:18
PK Defense
1 - 58% - 55% - 5:23
2 - 42% - 45% - 3:56
PK3 Forward
1 - 0% - 55%
2 - 0% - 45%
PK3 Defense
1 - 0% - 55%
2 - 0% - 45%
44 Forward
1 - 0% - 55%
2 - 0% - 45%
44 Defense
1 - 0% - 55%
2 - 0% - 45%
Last Minute Offensive  - 0:00
Last Minute Defensive  - 0:00
Total
Forward - 60:00
Defense - 60:00
% Time on Ice - VICTORIA GLADIATORS
Lines # - Real PCT - Wanted PCT - Time Play
Normal Forward
1 - 34% - 36% - 16:43
2 - 32% - 34% - 15:40
3 - 25% - 23% - 12:02
4 - 9% - 7% - 4:17
Normal Defense
1 - 40% - 40% - 19:19
2 - 36% - 35% - 17:22
3 - 25% - 25% - 12:01
4 - 0% - 0% - 0:00
PP Forward
1 - 56% - 50% - 5:11
2 - 44% - 50% - 4:08
PP Defense
1 - 47% - 50% - 4:22
2 - 53% - 50% - 4:57
PK Forward
1 - 51% - 50% - 1:01
2 - 49% - 50% - 0:58
PK Defense
1 - 36% - 50% - 0:43
2 - 64% - 50% - 1:16
PK3 Forward
1 - 0% - 50%
2 - 0% - 50%
PK3 Defense
1 - 0% - 50%
2 - 0% - 50%
44 Forward
1 - 0% - 50%
2 - 0% - 50%
44 Defense
1 - 0% - 50%
2 - 0% - 50%
Last Minute Offensive  - 0:00
Last Minute Defensive  - 0:00
Total
Forward - 60:00
Defense - 60:00
Play-by-Play 1st period 0:01 of 1st period - Anze Kopitar wins face-off versus Carl Soderberg in neutral zone. 0:10 of 1st period - Shot by Anze Kopitar. 0:10 of 1st period - Stopped by Robin Lehner with a rebound. 0:12 of 1st period - Shot by Anze Kopitar. 0:12 of 1st period - Stopped by Robin Lehner without a rebound. 0:13 of 1st period - Mikael Backlund wins face-off versus Radek Faksa in BOISE CARIBOUS zone. 0:20 of 1st period - Shot by Conor Garland. 0:20 of 1st period - Stopped by Robin Lehner without a rebound. 0:21 of 1st period - Johan Larsson wins face-off versus Kyle Turris in BOISE CARIBOUS zone. 0:30 of 1st period - Shot by Mattias Janmark. 0:30 of 1st period - Shot Misses the Net. 0:32 of 1st period - Shot by Johan Larsson. 0:32 of 1st period - Stopped by Robin Lehner without a rebound. 0:33 of 1st period - Mikael Backlund wins face-off versus Theodor Blueger in BOISE CARIBOUS zone. 0:44 of 1st period - Shot by Kyle Connor. 0:44 of 1st period - Shot Blocked by Joakim Ryan. 0:46 of 1st period - Shot by Brady Skjei. 0:46 of 1st period - Stopped by Robin Lehner without a rebound. 0:47 of 1st period - Radek Faksa wins face-off versus Anze Kopitar in BOISE CARIBOUS zone. 0:51 of 1st period - Off-side. 0:52 of 1st period - Tom Wilson wins face-off versus Derek Grant in neutral zone. 0:52 of 1st period - Andre Burakovsky is hit by John Hayden and loses puck. 1:48 of 1st period - Tom Wilson is hit by Anze Kopitar and loses puck. 2:52 of 1st period - Shot by Kyle Turris. 2:52 of 1st period - Shot Blocked by Nikita Zaitsev. 2:54 of 1st period - Shot by Darren Helm. 2:54 of 1st period - Deflect By Oskar Sundqvist. 2:54 of 1st period - Stopped by Jack Campbell with a rebound. 2:56 of 1st period - Shot by Erik Cernak. 2:56 of 1st period - Stopped by Jack Campbell without a rebound. 2:57 of 1st period - Theodor Blueger wins face-off versus Johan Larsson in VICTORIA GLADIATORS zone. 3:02 of 1st period - Shot by Patrick Marleau. 3:02 of 1st period - Stopped by Jack Campbell with a rebound. 3:04 of 1st period - Shot by Theodor Blueger. 3:04 of 1st period - Shot Misses the Net. 3:16 of 1st period - Shot by Johan Larsson. 3:16 of 1st period - Shot Misses the Net. 5:12 of 1st period - Shot by Phil Kessel. 5:12 of 1st period - Stopped by Jack Campbell without a rebound. 5:13 of 1st period - Derek Grant wins face-off versus Carl Soderberg in VICTORIA GLADIATORS zone. 5:13 of 1st period - Derek Grant is hit by Tom Wilson. 5:28 of 1st period - Andrew Cogliano is hit by Joakim Ryan and loses puck. 5:44 of 1st period - Duncan Keith is hit by Tom Wilson and loses puck. 5:51 of 1st period - Shot by Tom Wilson. 5:51 of 1st period - Shot Misses the Net. 6:15 of 1st period - Shot by Phil Kessel. 6:15 of 1st period - Stopped by Jack Campbell without a rebound. 6:16 of 1st period - Anze Kopitar wins face-off versus Kyle Turris in VICTORIA GLADIATORS zone. 6:48 of 1st period - Shot by Kyle Turris. 6:48 of 1st period - Shot Misses the Net. 6:50 of 1st period - Shot by Darren Helm. 6:50 of 1st period - Shot Misses the Net. 7:05 of 1st period - Dominik Kubalik is hit by Brady Skjei and loses puck. 7:08 of 1st period - Shot by Dominik Kubalik. 7:08 of 1st period - Deflect By Phil Kessel. 7:08 of 1st period - Stopped by Jack Campbell without a rebound. 7:09 of 1st period - Mikael Backlund wins face-off versus Carl Soderberg in VICTORIA GLADIATORS zone. 7:49 of 1st period - Shot by Tom Wilson. 7:49 of 1st period - Stopped by Jack Campbell without a rebound. 7:50 of 1st period - Johan Larsson wins face-off versus Radek Faksa in VICTORIA GLADIATORS zone. 8:10 of 1st period - Jared McCann is hit by Rasmus Andersson and loses puck. 8:53 of 1st period - Bryan Rust is hit by Rasmus Andersson. 9:05 of 1st period - Shot by Jakub Voracek. 9:05 of 1st period - Stopped by Robin Lehner without a rebound. 9:06 of 1st period - Mikael Backlund wins face-off versus Theodor Blueger in BOISE CARIBOUS zone. 9:07 of 1st period - Shot by Kyle Connor. 9:07 of 1st period - Stopped by Robin Lehner without a rebound. 9:08 of 1st period - Mikael Backlund wins face-off versus Theodor Blueger in BOISE CARIBOUS zone. 9:13 of 1st period - Shot by Conor Garland. 9:13 of 1st period - Stopped by Robin Lehner without a rebound. 9:14 of 1st period - Mikael Backlund wins face-off versus Kyle Turris in BOISE CARIBOUS zone. 9:17 of 1st period - Shot by Kyle Connor. 9:17 of 1st period - Shot Misses the Net. 9:53 of 1st period - Shot by Kyle Turris. 9:53 of 1st period - Stopped by Jack Campbell without a rebound. 9:54 of 1st period - Anze Kopitar wins face-off versus Carl Soderberg in VICTORIA GLADIATORS zone. 10:06 of 1st period - Minor Penalty to Brendan Smith for Slashing. 10:07 of 1st period - Radek Faksa wins face-off versus Anze Kopitar in BOISE CARIBOUS zone. 10:42 of 1st period - Shot by Bryan Rust. 10:42 of 1st period - Stopped by Robin Lehner without a rebound. 10:43 of 1st period - Theodor Blueger wins face-off versus Mikael Backlund in BOISE CARIBOUS zone. 11:17 of 1st period - Shot by Kyle Connor. 11:17 of 1st period - Shot Misses the Net. 11:19 of 1st period - Shot by Brady Skjei. 11:19 of 1st period - Stopped by Robin Lehner without a rebound. 11:20 of 1st period - Radek Faksa wins face-off versus Anze Kopitar in BOISE CARIBOUS zone. 12:05 of 1st period - Shot by Anze Kopitar. 12:05 of 1st period - Stopped by Robin Lehner without a rebound. 12:06 of 1st period - Johan Larsson wins face-off versus Carl Soderberg in BOISE CARIBOUS zone. 12:17 of 1st period - Shot by Jared McCann. 12:17 of 1st period - Shot Blocked by Mike Reilly. 13:22 of 1st period - Shot by Patrick Marleau. 13:22 of 1st period - The goal is going for a video replay. 13:22 of 1st period - The goal is good. 13:22 of 1st period - Goal by Patrick Marleau - BOISE CARIBOUS : 1 - VICTORIA GLADIATORS : 0. 13:23 of 1st period - Anze Kopitar wins face-off versus Radek Faksa in neutral zone. 13:45 of 1st period - Shot by Dominik Kubalik. 13:45 of 1st period - Stopped by Jack Campbell without a rebound. 13:46 of 1st period - Theodor Blueger wins face-off versus Mikael Backlund in VICTORIA GLADIATORS zone. 13:51 of 1st period - Shot by Theodor Blueger. 13:51 of 1st period - Shot Misses the Net. 14:00 of 1st period - Off-side. 14:01 of 1st period - Anze Kopitar wins face-off versus Kyle Turris in neutral zone. 14:10 of 1st period - Shot by Anze Kopitar. 14:10 of 1st period - Stopped by Robin Lehner without a rebound. 14:11 of 1st period - Anze Kopitar wins face-off versus Radek Faksa in BOISE CARIBOUS zone. 15:25 of 1st period - Shot by Mikael Backlund. 15:25 of 1st period - Shot Misses the Net. 15:53 of 1st period - Shot by Andre Burakovsky. 15:53 of 1st period - Shot Misses the Net. 15:57 of 1st period - Shot by Tom Wilson. 15:57 of 1st period - Stopped by Jack Campbell without a rebound. 15:58 of 1st period - Johan Larsson wins face-off versus Kyle Turris in VICTORIA GLADIATORS zone. 16:33 of 1st period - Shot by Johan Larsson. 16:33 of 1st period - Stopped by Robin Lehner without a rebound. 16:34 of 1st period - Carl Soderberg wins face-off versus Derek Grant in BOISE CARIBOUS zone. 16:58 of 1st period - Shot by Derek Grant. 16:58 of 1st period - Goal by Derek Grant - BOISE CARIBOUS : 1 - VICTORIA GLADIATORS : 1. 16:59 of 1st period - Theodor Blueger wins face-off versus Mikael Backlund in neutral zone. 17:22 of 1st period - Shot by Patrick Marleau. 17:22 of 1st period - Goal by Patrick Marleau - BOISE CARIBOUS : 2 - VICTORIA GLADIATORS : 1. 17:23 of 1st period - Carl Soderberg wins face-off versus Anze Kopitar in neutral zone. 17:27 of 1st period - Tom Wilson is hit by Nick Holden and loses puck. 17:38 of 1st period - Icing by Carl Soderberg. 17:39 of 1st period - Carl Soderberg wins face-off versus Mikael Backlund in BOISE CARIBOUS zone. 17:52 of 1st period - Shot by Kyle Connor. 17:52 of 1st period - Shot Misses the Net. 17:54 of 1st period - Shot by Kyle Connor. 17:54 of 1st period - Shot Misses the Net. 17:56 of 1st period - Shot by Conor Garland. 17:56 of 1st period - Shot Misses the Net. 18:09 of 1st period - Carl Soderberg is hit by Brady Skjei and loses puck. 18:31 of 1st period - Icing by Joakim Ryan. 18:32 of 1st period - Anze Kopitar wins face-off versus Carl Soderberg in BOISE CARIBOUS zone. 19:18 of 1st period - Icing by Rasmus Andersson. 19:19 of 1st period - Johan Larsson wins face-off versus Carl Soderberg in BOISE CARIBOUS zone. 19:48 of 1st period - Shot by Oskar Sundqvist. 19:48 of 1st period - Shot Misses the Net. Goals for this period are 2 for BOISE CARIBOUS vs 1 for VICTORIA GLADIATORS. Shots for this period are 12 for BOISE CARIBOUS vs 14 for VICTORIA GLADIATORS. 2nd period 0:01 of 2nd period - Anze Kopitar wins face-off versus Theodor Blueger in neutral zone. 0:05 of 2nd period - Off-side. 0:06 of 2nd period - Radek Faksa wins face-off versus Anze Kopitar in neutral zone. 0:15 of 2nd period - Shot by Dominik Kubalik. 0:15 of 2nd period - Shot Misses the Net. 0:21 of 2nd period - Shot by Dominik Kubalik. 0:21 of 2nd period - Stopped by Jack Campbell without a rebound. 0:22 of 2nd period - Lawson Crouse wins face-off versus Mikael Backlund in VICTORIA GLADIATORS zone. 0:47 of 2nd period - Shot by Kyle Connor. 0:47 of 2nd period - Stopped by Robin Lehner with a rebound. 0:49 of 2nd period - Shot by Duncan Keith. 0